 Dungeon Crawl Stone Soup version 0.21-a0-348-ga060c75 (webtiles) character file.

1500098 mibe the Conqueror (level 27, 209/224 HPs)
             Began as an Octopode Fighter on Sept 27, 2017.
             Was the Champion of Makhleb.
             Escaped with the Orb
             ... and 3 runes on Oct 6, 2017!
             The game lasted 10:38:42 (94302 turns).

mibe the Conqueror (Octopode Fighter)              Turns: 94302, Time: 10:38:43

Health: 209/224    AC: 14    Str: 25    XL:     27
Magic:  44/47      EV: 31    Int: 19    God:    Makhleb [******]
Gold:   584        SH: 23    Dex: 20    Spells: 8/48 levels left

rFire    + + +     SeeInvis .   a - +8 eveningstar (crush)
rCold    + + .     Gourm    .   t - +5 shield
rNeg     + + +     Faith    .   (helmet restricted)
rPois    .         Spirit   .   H - +3 amulet of reflection
rElec    .         Reflect  +   o - ring of Nuazioci {rF+ MR+ Slay+1}
rCorr    .         Harm     .   Y - +3 ring of protection
MR       ++++.                  v - ring of Lunaemuj {rF+ rN+ Stlth+}
Stlth    ++........             S - +5 ring of protection
HPRegen  0.47/turn              C - +3 ring of protection
MPRegen  0.30/turn              T - ring "Nuzxeag" {rN+ MR+ MP+9 Str+3 Dex+2}
                                i - ring of Equilibrium {*Drain rF+ rC+ rN+ Int+4}
                                D - ring "Jesm" {+Inv Str+2}

@: mighty, hasted, very quick
A: almost no armour, stealthy swim, amphibious, 8 rings, constrict 8, repulsion
field 1, icy blue scales 1, camouflage 1, agile 1, cold resistance 1, dopey 1,
weak 1, wild magic 1, gelatinous body 1, MP-powered wands
0: Orb of Zot
}: 3/15 runes: decaying, serpentine, silver
a: Minor Destruction, Lesser Servant of Makhleb, Major Destruction, Greater
Servant of Makhleb, Renounce Religion, Evoke Invisibility


You escaped.
You worshipped Makhleb.
Makhleb was exalted by your worship.
You were very full.

You visited 10 branches of the dungeon, and saw 52 of its levels.
You visited the Abyss 3 times.

You collected 8446 gold pieces.
You spent 7862 gold pieces at shops.

Inventory:

Hand Weapons
 a - a +8 eveningstar of crushing (weapon)
 b - the +10 morningstar "Eos" {elec, Halo rElec}
   (You found it on level 4 of the Realm of Zot)

   Occasionally, upon striking a foe, it will discharge some electrical energy
   and cause terrible harm.
   It insulates you from electricity.
Missiles
 L - 2 throwing nets (quivered)
Armour
 t - a +5 shield (worn)
Jewellery
 i - the ring of Equilibrium (on tentacle) {*Drain rF+ rC+ rN+ Int+4}
   (You took it off a vampire knight on level 3 of the Crypt)

   [ring of positive energy]

   It affects your intelligence (+4).
   It protects you from fire.
   It protects you from cold.
   It protects you from negative energy.
   It causes draining when unequipped.
 o - the ring of Nuazioci (left tentacle) {rF+ MR+ Slay+1}
   (You took it off a deep elf annihilator on level 3 of the Elven Halls)

   [ring of slaying]

   It affects your accuracy and damage with ranged weapons and melee attacks
   (+1).
   It protects you from fire.
   It affects your resistance to hostile enchantments.
 v - the ring of Lunaemuj (on tentacle) {rF+ rN+ Stlth+}
   (You acquired it on level 2 of the Vaults)

   [ring of positive energy]

   It protects you from fire.
   It protects you from negative energy.
   It makes you more stealthy.
 C - a +3 ring of protection (on tentacle)
 D - the ring "Jesm" (on tentacle) {+Inv Str+2}
   (You found it on level 1 of the Realm of Zot)

   [ring of strength]

   It affects your strength (+2).
   It lets you turn invisible.
 H - a +3 amulet of reflection (around mantle)
 M - an uncursed ring of resist corrosion
 S - a +5 ring of protection (on tentacle)
 T - the ring "Nuzxeag" (on tentacle) {rN+ MR+ MP+9 Str+3 Dex+2}
   (You took it off a vault guard on level 5 of the Vaults)

   [ring of positive energy]

   It affects your strength (+3).
   It affects your dexterity (+2).
   It protects you from negative energy.
   It affects your resistance to hostile enchantments.
   It affects your magic capacity (+9).
 Y - a +3 ring of protection (right tentacle)
Wands
 l - a wand of paralysis (9/24)
 s - a wand of confusion (15/48)
 w - a wand of digging (12/24)
 J - a wand of acid (7/15)
 K - a wand of acid (8/15)
 P - a wand of iceblast (1/15)
 U - a wand of clouds (3/9)
Scrolls
 e - 5 scrolls of magic mapping
 f - 4 scrolls of silence
 h - 23 scrolls of remove curse
 k - 4 scrolls of fear
 m - 14 scrolls of teleportation
 E - 2 scrolls of blinking
 F - 3 scrolls of identify
 I - a scroll of summoning
 N - 7 scrolls of fog
 O - 4 scrolls of enchant armour
 Z - 4 scrolls of recharging
Potions
 c - 8 potions of might
 j - 3 potions of resistance
 n - 12 potions of curing
 p - a potion of cancellation
 q - 6 potions of mutation
 u - 2 potions of magic
 z - a potion of invisibility
 A - 9 potions of flight
 R - 6 potions of agility
 V - 3 potions of haste
 W - 7 potions of brilliance
 X - 8 potions of heal wounds
Miscellaneous
 g - 2 sacks of spiders
 r - a phial of floods
 x - a phantom mirror
 y - a lightning rod (4/4)
 B - a lamp of fire
 G - a box of beasts
 Q - a fan of gales
Comestibles
 d - 11 bread rations


   Skills:
 O Level 27 Fighting
 - Level 20.0 Maces & Flails
 + Level 18.5 Dodging
 - Level 8.0 Stealth
 - Level 15.1 Shields
 - Level 11.0 Spellcasting
 - Level 8.0 Hexes
 - Level 5.0 Charms
 - Level 10.0 Summonings
 - Level 7.0 Necromancy
 - Level 9.0 Translocations
 - Level 3.0 Transmutations
 - Level 3.0 Ice Magic
 - Level 3.1 Earth Magic
 - Level 16.0 Invocations
 - Level 15.0 Evocations


You had 8 spell levels left.
You knew the following spells:

 Your Spells              Type           Power        Failure   Level  Hunger
a - Animate Skeleton      Necr           N/A          1%          1    None
b - Ozocubu's Armour      Chrm/Ice       ####....     6%          3    None
c - Apportation           Tloc           ######       1%          1    None
d - Passwall              Tmut/Erth      ####......   4%          2    None
e - Spectral Weapon       Hex/Chrm       #####...     2%          3    None
f - Regeneration          Chrm/Necr      #####.....   3%          3    None
g - Shroud of Golubria    Chrm/Tloc      #####.....   1%          2    None
h - Song of Slaying       Chrm           #####...     2%          2    None
i - Passage of Golubria   Tloc           N/A          3%          4    ##.....
j - Animate Dead          Necr           N/A          6%          4    ##.....
k - Summon Mana Viper     Hex/Summ       ######..     8%          5    ####...
l - Lesser Beckoning      Tloc           ######....   1%          3    None
m - Summon Forest         Summ/Tloc      ######....   6%          5    ####...
K - Blink                 Tloc           N/A          1%          2    None


Dungeon Overview and Level Annotations

Branches:
Dungeon (15/15)            Temple (0/1) D:4            Lair (6/6) D:10
  Swamp (4/4) Lair:4        Snake (4/4) Lair:3        Slime (0/5) Lair:5
    Orc (2/2) D:10            Elf (3/3) Orc:2        Vaults (5/5) D:13
  Crypt (3/3) Vaults:3       Tomb (0/3) Crypt:3      Depths (5/5) D:15
    Zot (5/5) Depths:5

Altars:
Ashenzari
Cheibriados
Elyvilon
Hepliaklqana
Kikubaaqudgha
Makhleb
Nemelex Xobeh
Ru
Sif Muna
Vehumet
Xom
Yredelemnul
Zin
Beogh

Shops:
D:4 }   D:11 *   D:13 ?   D:14 :   Orc:1 }   Orc:2 *:[(   Elf:1 [(*%
Snake:2 ?   Vaults:1 %   Vaults:2 (   Vaults:3 !   Vaults:4 }*[}   Vaults:5 *

Portals:
Hell: Depths:1 Depths:2 Depths:3 Depths:4 Depths:5
Abyss: Depths:3 Depths:4
Pandemonium: Depths:3 Depths:4
Ziggurat: Depths:3

Annotations:
D:2 1 runed door
D:3 exclusion: downstairs
D:7 exclusion: downstairs
D:9 exclusion: downstairs
D:13 exclusion: downstairs
D:14 exclusion: downstairs, Frances
Lair:1 Erica, Fannar
Swamp:3 exclusion: 2 downstairs
Snake:1 exclusion: 2 downstairs
Snake:2 exclusion: downstairs, Vashnia
Snake:4 Mara
Elf:2 1 runed door
Vaults:2 Nikola
Depths:3 Hiru's ghost, veteran FoAM
Zot:4 Tiamat
Zot:5 exclusion: upstairs


Innate Abilities, Weirdness & Mutations

You cannot wear most types of armour.
You are very stealthy in the water. (Stealth+)
You are amphibious.
You can wear up to eight rings at the same time.
You can use your tentacles to constrict eight enemies at once.
Your skin changes colour to match your surroundings (Stealth+).
Your rubbery body absorbs attacks. (AC +1, EV +1)
You are surrounded by a mild repulsion field. (EV +2)
You are partially covered in icy blue scales. (AC +2)
You are agile. (Dex +2)
Your flesh is cold resistant. (rC+)
You are dopey. (Int -2)
You are weak. (Str -2)
Your spells are a little harder to cast, but a little more powerful.
You expend magic power (3 MP) to strengthen your wands.


Message History

The Tzitzimitl is heavily wounded.
You spit the Tzitzimitl like a pig!!!
You kill the Tzitzimitl!
Makhleb accepts your kill.
You feel better.
(D) Dungeon (T) Temple (L) Lair (S) Swamp (P) Snake Pit (M) Slime Pits (O) Orcish Mines (E) Elven Halls (V) Vaults (C) Crypt (W) Tomb (U) Depths (H) Hell (Z) Zot
Where to? (Enter - D:1 @ (x,y), ? - help)
What level of the Dungeon? (default 1, ? - help)
There is a stone staircase leading up here.
You climb upwards.
There is a stone staircase leading down here.
There is an open door here.
Your skin is crawling a little less now.
There is a large open door here.
Your skin stops crawling.
There is a staircase leading out of the dungeon here.
You have escaped!

.....≈≈≈≈≈≈≈≈≈≈≈≈≈≈≈≈≈≈≈≈(≈).....
#....≈≈≈≈≈≈≈≈≈≈≈≈≈≈≈≈≈≈≈≈≈≈≈((.(.
##...≈≈≈#+#'#≈≈≈≈≈≈≈#+#'#≈≈≈....#
##...≈≈≈+>..##+###+##...+≈≈≈....#
##...≈≈≈+...'.......+...+≈≈≈.....
.#...≈≈≈#+###.#####.###'#≈≈≈.....
.#...≈≈≈≈≈+...#...#...#≈≈≈≈......
.....≈≈≈≈≈#.###...'.⌠.+≈≈≈..⌠....
.....≈≈≈≈≈#.###.@.'.⌠.+≈≈≈..⌠....
.....≈≈≈≈≈+...#...#...#≈≈≈≈......
.....≈≈≈#+###.#####.#'#'#≈≈≈.....
.....)≈≈'...#.......#...'≈≈≈....#
.....≈≈≈'(..##+###'##...'≈≈≈....#
.....≈≈≈#'#'#≈≈≈≈≈≈≈#+#+#≈≈≈.....
#....≈≈≈≈≈≈≈≈≈≈≈≈≈≈≈≈≈≈≈≈≈≈≈...#.
#....≈≈≈≈≈≈≈≈≈≈≈≈≈≈≈≈≈≈≈≈≈≈≈.....
#....≈≈≈≈≈≈≈≈≈≈≈≈≈≈≈≈≈≈≈≈≈≈≈....#


There were no monsters in sight!

Vanquished Creatures
  5 ancient liches
  3 orbs of fire
  Boris (Crypt:2)
  Frederick (Crypt:2)
  Margery (Vaults:3)
  Saint Roka (Vaults:5)
  2 curse toes (Zot:5)
  A Killer Klown (Zot:5)
  11 golden dragons
  the Enchantress (Depths:5)
  A bone dragon (Crypt:3)
  6 liches
  3 electric golems (Zot:5)
  A Tzitzimitl (D:2)
  20 Orb Guardians
  11 tentacled monstrosities
  Asterion (Vaults:3)
  2 deep elf master archers (Elf:3)
  A titan (Vaults:5)
  An Executioner (Abyss:3)
  4 quicksilver dragons
  2 death cobs
  A sphinx (Vaults:4)
  7 ancient champions
  2 draconian monks (Zot:5)
  2 tentacled starspawn
  5 thorn hunters
  7 shadow dragons
  3 revenants
  4 tengu reavers
  13 deep elf sorcerers
  3 nagarajas (Snake:4)
  10 storm dragons
  7 frost giants
  The ghost of FoghornLeghorn the Warrior, a journeyman MiCK of Hepliaklqana (D:14)
  8 fire giants
  11 vault wardens
  5 draconian scorchers
  An orc warlord (Orc:2)
  3 ghost moths
  4 ghouls
  A curse skull (Crypt:1)
  20 ironheart preservers
  4 draconian shifters
  A reaper (Crypt:3)
  Aizul (Vaults:3)
  2 draconian stormcallers
  7 deep elf elementalists
  Louise (Snake:4)
  6 spriggan defenders
  4 draconian annihilators
  4 war gargoyles
  18 stone giants
  14 very ugly things
  3 entropy weavers
  13 deep elf demonologists
  5 black draconians
  9 vampire knights
  10 deep elf annihilators
  7 green draconians
  9 white draconians
  3 spark wasps
  13 yellow draconians
  2 dire elephants (Lair:6)
  6 red draconians
  10 purple draconians
  12 deep elf death magi
  2 eidola
  A blizzard demon (D:14)
  8 ettins
  A minotaur (shapeshifter) (Elf:2)
  2 green deaths
  12 jiangshi
  6 deep elf high priests
  12 fire dragons
  11 yaktaur captains
  11 great orbs of eyes
  8 ice dragons
  25 vault guards
  Erolcha (D:12)
  13 naga warriors
  4 rakshasas
  7 spriggan air magi
  2 peacekeepers (Vaults:4)
  A ghost crab (Swamp:3)
  A hell beast (Depths:3)
  An anaconda (shapeshifter) (Vaults:5)
  5 alligators
  3 catoblepae
  13 hydras
  7 centaur warriors
  12 ogre magi
  34 dancing weapons
  43 two-headed ogres
  11 deep troll shamans
  3 tengu warriors
  3 death knights
  5 anacondas
  A queen ant (Lair:4)
  Urug (D:10)
  A hell hog (Depths:1)
  2 orc high priests
  A titan zombie (Crypt:3)
  8 vampire magi
  4 thrashing horrors
  5 spriggan berserkers
  8 naga sharpshooters
  9 deep troll earth magi
  Sonja (D:10)
  4 wretched stars (Abyss:2)
  8 shock serpents
  2 soul eaters
  46 deep elf knights
  5 iron trolls
  5 skeletal warriors (Crypt:2)
  A titan skeleton (Crypt:3)
  7 shadow wraiths
  A sixfirhy (Abyss:2)
  A salamander mystic (Snake:3)
  23 deep trolls
  9 hell knights
  A gelid demonspawn (Depths:4)
  A spatial maelstrom (Abyss:2)
  10 flayed ghosts
  5 spriggan druids
  4 glowing orange brains
  24 deep elf archers
  2 wizards
  A naga ritualist (Snake:2)
  2 swamp dragons (Swamp:4)
  15 ironbrand convokers
  4 harpies (Vaults:5)
  14 phantasmal warriors
  3 shambling mangroves
  A shadow dragon zombie (Crypt:1)
  12 orc knights
  10 necromancers
  3 lindwurms (Lair:6)
  A lindwurm (shapeshifter) (Vaults:5)
  5 wolf spiders
  63 ugly things
  2 oklob plants (Swamp:2)
  An iron dragon zombie (Crypt:3)
  A wolf spider zombie (D:15)
  5 cyclopes
  7 mana vipers
  6 orc sorcerers
  A sphinx zombie (Crypt:3)
  3 manticores
  A faun (shapeshifter) (Vaults:5)
  A tengu skeleton (Vaults:3)
  Maurice (D:10)
  2 cyclopes (shapeshifter)
  88 deep elf magi
  6 salamanders
  A manticore (shapeshifter) (Vaults:5)
  A worldbinder (Abyss:2)
  5 guardian serpents
  10 naga magi
  20 moths of wrath
  12 elephants
  30 black mambas
  2 smoke demons (Abyss:2)
  A black mamba (shapeshifter) (Vaults:3)
  A gargoyle (D:10)
  An orange demon (Depths:4)
  3 centaur zombies
  An ice statue (D:13)
  Joseph (D:7)
  A fire giant skeleton (Crypt:3)
  3 torpor snails (Lair:6)
  9 vault sentinels
  A spiny frog (shapeshifter) (Vaults:3)
  14 spiny frogs
  A tormentor (D:3)
  5 spectral swamp worms (Depths:5)
  52 yaktaurs
  A dire elephant skeleton (Abyss:2)
  2 rime drakes (Lair:6)
  A redback zombie (Crypt:1)
  3 ice devils
  3 komodo dragons
  A komodo dragon (shapeshifter) (Vaults:2)
  2 ancient zymes
  7 tengu conjurers
  3 meliai (D:11)
  A red devil (D:13)
  8 freezing wraiths
  A white draconian skeleton (Crypt:1)
  A hellwing (Depths:4)
  A meliai (shapeshifter) (Elf:2)
  2 green draconian skeletons
  6 trolls
  32 hornets
  A polar bear (shapeshifter) (Vaults:2)
  A hydra skeleton (Crypt:1)
  2 polar bears
  2 tengu simulacra (Vaults:2)
  7 tyrant leeches
  4 bog bodies
  A harpy skeleton (Crypt:3)
  9 hippogriffs
  A dream sheep (shapeshifter) (D:13)
  A satyr zombie (Crypt:2)
  18 slime creatures
  A dream sheep (Lair:6)
  25 blink frogs
  A meliai zombie (D:15)
  A raiju (Abyss:2)
  10 air elementals
  An ettin zombie (Vaults:3)
  2 spriggans (shapeshifter)
  11 flying skulls (Crypt:1)
  21 spriggans
  2 tarantellas (shapeshifter)
  A fire elemental (Elf:2)
  37 yaks
  4 redbacks
  3 basilisks
  13 large abominations
  A yak (shapeshifter) (Vaults:3)
  7 shadows
  A black mamba skeleton (Crypt:3)
  6 wyverns
  A fire bat (Abyss:2)
  11 water elementals
  7 vampires
  12 wraiths
  20 humans
  A ynoxinul (Abyss:2)
  3 hogs (D:8)
  A tyrant leech zombie (Crypt:2)
  A golden eye (shapeshifter) (D:14)
  Eustachio (D:4)
  An emperor scorpion simulacrum (Crypt:3)
  A hungry ghost (D:14)
  28 vampire mosquitoes
  A monstrous demonspawn zombie (Crypt:3)
  3 chaos spawn
  Menkaure (D:7)
  Edmund (D:5)
  12 soldier ants
  A gelid demonspawn zombie (Crypt:2)
  48 nagas
  A human simulacrum (Vaults:2)
  4 insubstantial wisps
  16 water moccasins
  6 wargs
  6 hell hounds (Depths:1)
  7 porcupines
  19 swamp worms
  A sky beast (D:9)
  45 orc warriors
  A deep troll skeleton (Crypt:2)
  14 swamp drakes
  A hornet zombie (D:12)
  9 ice beasts
  4 black bears
  2 necrophages
  A manticore zombie (Crypt:3)
  2 phantoms
  An alligator simulacrum (Crypt:3)
  22 ogres
  10 wolves
  A lindwurm skeleton (Crypt:1)
  A blink frog skeleton (Crypt:2)
  23 centaurs
  16 boggarts
  A dream sheep skeleton (Crypt:2)
  7 crocodiles
  Blork the orc (D:6)
  6 human zombies
  3 big kobolds
  16 bullfrogs
  4 earth elementals
  A spiny frog simulacrum (Crypt:3)
  A raiju zombie (Crypt:2)
  6 small abominations
  A water moccasin skeleton (Crypt:2)
  3 scorpions
  A queen bee zombie (Crypt:3)
  9 killer bees (D:10)
  18 wights
  4 electric eels
  3 howler monkeys
  2 bullfrog zombies
  6 crimson imps
  2 quasits
  6 starcursed masses (Abyss:3)
  6 jellies
  A black bear zombie (Crypt:1)
  3 hounds
  A soldier ant zombie (Crypt:1)
  An iron imp (Depths:2)
  18 orc priests
  40 orc wizards
  5 centaur skeletons
  3 human skeletons (Crypt:1)
  Jessica (D:2)
  2 bullfrog skeletons
  2 iguanas
  Ijyb (D:5)
  26 worker ants
  A killer bee zombie (D:8)
  An acid dragon zombie (Crypt:3)
  A felid zombie (Crypt:1)
  A hound zombie (D:6)
  4 hound skeletons
  5 mummies (Crypt:1)
  A howler monkey zombie (D:7)
  A worker ant zombie (D:8)
  A howler monkey skeleton (D:8)
  A swamp drake zombie (Crypt:3)
  8 adders
  14 gnolls
  4 shadow imps
  2 white imps (D:13)
  An ufetubus (Abyss:3)
  A worm zombie (Crypt:3)
  4 adder zombies
  2 adder skeletons (D:5)
  2 worms
  3 dart slugs
  A leopard gecko (D:4)
  131 orcs
  2 ball pythons
  8 bats
  3 giant cockroaches
  12 goblins
  16 hobgoblins
  3 jackals (D:1)
  3 quokkas
  6 frilled lizards
  24 kobolds
  An orc skeleton (Crypt:3)
  A quokka skeleton (D:4)
  A quokka zombie (D:8)
  6 rats
  A fungus (Lair:5)
  2 plants (Lair:6)
2392 creatures vanquished.

Vanquished Creatures (collateral kills)
  An orb of fire (Zot:5)
  2 juggernauts
  A Killer Klown (Zot:5)
  3 golden dragons (Zot:5)
  A lich (Depths:3)
  A tentacled monstrosity (Zot:5)
  3 Orb Guardians (Zot:5)
  A deep elf blademaster (Elf:3)
  A sphinx (Depths:3)
  2 thorn hunters
  3 storm dragons
  A tengu reaver (Vaults:4)
  A deep elf sorcerer (Depths:4)
  3 frost giants
  A ghost moth (Zot:5)
  A draconian shifter (Zot:1)
  An ironheart preserver (Vaults:2)
  A spriggan defender (Depths:5)
  A ghoul (Crypt:3)
  2 stone giants
  A very ugly thing (Depths:1)
  An entropy weaver (Lair:4)
  A deep elf demonologist (Elf:3)
  4 purple draconians
  A yellow draconian (Zot:1)
  A green draconian (Zot:1)
  A black draconian (Zot:5)
  2 spark wasps (Depths:5)
  A red draconian (Zot:5)
  2 ettins
  Josephine (Orc:2)
  A deep elf death mage (Elf:3)
  A yaktaur captain (Vaults:5)
  2 naga warriors
  5 hydras
  2 great orbs of eyes
  2 vault guards (Vaults:5)
  A ghost crab (Swamp:3)
  A spriggan air mage (Depths:3)
  An ice dragon (Depths:4)
  6 two-headed ogres
  A centaur warrior (D:15)
  2 anacondas
  2 ogre magi
  3 deep troll earth magi
  A tengu warrior (Depths:5)
  2 naga sharpshooters
  2 deep elf knights
  A wizard (Vaults:1)
  A hell knight (Depths:3)
  7 deep trolls
  A shambling mangrove (Swamp:3)
  3 swamp dragons (Swamp:4)
  A deep elf archer (Elf:1)
  An orc knight (Vaults:3)
  A lindwurm (Lair:6)
  4 deep elf magi
  2 manticores (D:12)
  An orc sorcerer (D:15)
  6 ugly things
  A salamander (Snake:3)
  4 black mambas
  2 elephants (shapeshifter)
  3 elephants (Lair:5)
  5 naga magi
  2 torpor snails (Lair:6)
  A centaur skeleton (D:14)
  A vault sentinel (Vaults:3)
  3 spiny frogs
  A freezing wraith (Crypt:3)
  4 yaktaurs
  A rime drake (Lair:4)
  2 komodo dragons
  A tengu conjurer (Depths:2)
  4 blink frogs
  2 tyrant leeches
  3 hippogriffs
  A bog body (Swamp:4)
  6 slime creatures
  6 hornets
  15 dream sheep
  A frost giant simulacrum (Vaults:2)
  3 spriggans
  A yak (shapeshifter) (Depths:2)
  A wraith (Orc:1)
  2 air elementals (Depths:2)
  6 yaks
  A wyvern (Lair:2)
  9 vampire mosquitoes
  A hungry ghost (D:12)
  8 nagas
  2 soldier ants (Lair:4)
  4 insubstantial wisps
  5 swamp worms
  A hell hound (Depths:1)
  An acid dragon (D:11)
  An acid dragon (shapeshifter) (Vaults:2)
  4 water moccasins
  A porcupine (Lair:5)
  3 swamp drakes
  4 orc warriors (Orc:2)
  3 wolves
  2 centaurs (D:15)
  3 ogres
  A crocodile (Lair:6)
  An elf skeleton (Vaults:2)
  2 bullfrogs
  5 jellies
  2 orc priests
  2 orc wizards
  9 worker ants (Lair:4)
  2 adders
  A worm (shapeshifter) (Vaults:2)
  6 orcs
  2 briar patches
  A crawling corpse (Vaults:5)
  5 fungi
  A plant (Lair:6)
286 creatures vanquished.

Vanquished Creatures (others)
  A fire giant (Vaults:3)
  A draconian stormcaller (Zot:5)
  A deep elf high priest (Elf:2)
  A two-headed ogre (Depths:1)
  A hell hog (Depths:1)
  2 deep elf knights (Elf:2)
  A tengu zombie (Depths:1)
  A deep elf archer (Elf:1)
  An ironbrand convoker (Vaults:2)
  A fire giant skeleton (Depths:1)
  A yaktaur zombie (Depths:1)
  A yaktaur (Depths:5)
  A tengu conjurer (Depths:1)
  A yaktaur skeleton (Depths:1)
  A deep troll skeleton (Depths:1)
  A water elemental (Elf:2)
  An orc warrior (Vaults:2)
  2 ogres
  A boggart (Vaults:3)
  2 orcs
  2 briar patches
  11 fungi
  18 plants
  111 spectral weapons
  5 starspawn tentacles
170 creatures vanquished.

Grand Total: 2848 creatures vanquished

Notes
Turn   | Place    | Note
-------+----------+-------------------------------------------
     0 | D:1      | mibe the Octopode Fighter began the quest for the Orb.
     0 | D:1      | Reached XP level 1. HP: 16/16 MP: 1/1
   127 | D:1      | Reached XP level 2. HP: 19/21 MP: 2/2
   610 | D:2      | Reached XP level 3. HP: 26/26 MP: 3/3
  1017 | D:2      | Noticed Jessica
  1025 | D:2      | Killed Jessica
  1025 | D:2      | Reached XP level 4. HP: 31/31 MP: 4/4
  1324 | D:2      | Found a runed door.
  1588 | D:3      | Reached skill level 1 in Stealth
  1692 | D:3      | Found a burning altar of Makhleb.
  1713 | D:3      | ok sure what the hell
  1713 | D:3      | Became a worshipper of Makhleb the Destroyer
  1864 | D:3      | Found a sparkling altar of Nemelex Xobeh.
  2094 | D:4      | Noticed a two-headed ogre
  2132 | D:4      | Reached skill level 5 in Maces & Flails
  2132 | D:4      | Reached XP level 5. HP: 36/36 MP: 5/5
  2195 | D:4      | Noticed Eustachio
  2208 | D:4      | Killed Eustachio
  2208 | D:4      | Reached XP level 6. HP: 33/42 MP: 6/6
  2494 | D:4      | Found Dotipsya's Gadget Emporium.
  2498 | D:4      | Bought a wand of iceblast (6/15) for 100 gold pieces
  2875 | D:4      | Found a staircase to the Ecumenical Temple.
  3060 | D:4      | Found a shattered altar of Ashenzari.
  3112 | D:5      | Entered Level 5 of the Dungeon
  3112 | D:5      | Noticed Edmund
  3123 | D:5      | Killed Edmund
  3123 | D:5      | Reached skill level 5 in Stealth
  3123 | D:5      | Reached skill level 1 in Invocations
  3123 | D:5      | Reached skill level 1 in Evocations
  3123 | D:5      | Reached XP level 7. HP: 15/46 MP: 6/8
  3781 | D:4      | Reached * piety under Makhleb
  4520 | D:5      | Found a radiant altar of Vehumet.
  5067 | D:5      | Noticed Ijyb
  5079 | D:5      | Killed Ijyb
  5096 | D:5      | Got a sapphire war axe
  5202 | D:5      | Identified the +1 war axe of Paper {chop, rPois MR- MP+9 Dex+6} (You found it on level 5 of the Dungeon)
  5315 | D:5      | Found a shimmering altar of Xom.
  6004 | D:6      | Noticed Blork the orc
  6084 | D:6      | Killed Blork the orc
  6084 | D:6      | Reached XP level 8. HP: 12/52 MP: 10/10
  7683 | D:6      | Reached skill level 5 in Shields
  7746 | D:6      | Reached ** piety under Makhleb
  8106 | D:7      | Found a white marble altar of Elyvilon.
  8112 | D:7      | Found a snail-covered altar of Cheibriados.
  8140 | D:7      | Noticed Menkaure
  8336 | D:7      | Reached skill level 4 in Fighting
  8365 | D:7      | Killed Menkaure
  8365 | D:7      | Reached skill level 5 in Fighting
  8582 | D:7      | Noticed Joseph
  8969 | D:7      | Reached skill level 6 in Fighting
  8969 | D:7      | Reached XP level 9. HP: 59/62 MP: 11/11
  8979 | D:7      | Learned a level 1 spell: Animate Skeleton
  9306 | D:7      | Killed Joseph
 10897 | D:8      | Noticed a two-headed ogre
 10907 | D:8      | Killed a two-headed ogre
 10907 | D:8      | Reached XP level 10. HP: 68/68 MP: 12/12
 10953 | D:8      | Reached *** piety under Makhleb
 11056 | D:8      | Found a sacrificial altar of Ru.
 11104 | D:8      | Noticed a two-headed ogre
 11391 | D:8      | Reached skill level 10 in Maces & Flails
 11733 | D:9      | Noticed a two-headed ogre
 11943 | D:9      | Reached skill level 5 in Evocations
 12404 | D:9      | Found a glowing silver altar of Zin.
 12453 | D:9      | You fall through a shaft for 2 floors!
 12532 | D:11     | Noticed a centaur warrior
 12640 | D:11     | Reached skill level 7 in Fighting
 12678 | D:11     | Killed a centaur warrior
 12678 | D:11     | Reached skill level 5 in Invocations
 12770 | D:11     | Noticed a cyclops
 12801 | D:11     | Killed a cyclops
 12801 | D:11     | Reached XP level 11. HP: 75/75 MP: 15/15
 12856 | D:10     | Entered Level 10 of the Dungeon
 12856 | D:10     | Noticed Sonja
 12862 | D:10     | Killed Sonja
 13229 | D:10     | Reached **** piety under Makhleb
 13594 | D:10     | Noticed Urug
 13794 | D:10     | Found a staircase to the Orcish Mines.
 13897 | D:10     | Found the +9 staff of Olgreb {rPois}
 13901 | D:10     | Found a runed gate.
 13902 | D:10     | Found a runed door.
 13931 | D:10     | Found a runed gate.
 13931 | D:10     | Found a runed gate.
 13939 | D:10     | Found a runed door.
 13986 | D:10     | Noticed Maurice
 13994 | D:10     | Killed Maurice
 14086 | D:10     | Found a staircase to the Lair.
 14834 | Lair:1   | Entered Level 1 of the Lair of Beasts
 14873 | Lair:1   | Noticed Fannar
 14993 | Lair:1   | Learned a level 3 spell: Ozocubu's Armour
 15193 | Lair:1   | Reached skill level 1 in Charms
 15193 | Lair:1   | Reached skill level 1 in Ice Magic
 15346 | Lair:1   | Noticed Erica
 15769 | Lair:2   | Learned a level 1 spell: Apportation
 16065 | Lair:2   | Reached skill level 1 in Spellcasting
 16377 | Lair:2   | Reached XP level 12. HP: 72/82 MP: 16/16
 16751 | Lair:3   | Reached skill level 8 in Fighting
 16783 | Lair:3   | Found a staircase to the Snake Pit.
 16857 | Lair:3   | Noticed a four-headed hydra
 16869 | Lair:3   | Killed a four-headed hydra
 17248 | Lair:3   | Reached skill level 9 in Fighting
 17627 | Lair:3   | Reached skill level 10 in Fighting
 18790 | Lair:4   | Reached ***** piety under Makhleb
 18840 | Lair:4   | Noticed an entropy weaver
 18855 | Lair:4   | Noticed a queen ant
 18855 | Lair:4   | Killed an entropy weaver
 18855 | Lair:4   | Reached XP level 13. HP: 81/92 MP: 19/19
 18872 | Lair:4   | Noticed an entropy weaver
 18883 | Lair:4   | Killed an entropy weaver
 19398 | Lair:4   | Found a staircase to the Swamp.
 19549 | Lair:2   | Learned a level 1 spell: Summon Small Mammal
 19761 | Lair:5   | Reached skill level 10 in Dodging
 20406 | Lair:5   | Found a staircase to the Slime Pits.
 20778 | Lair:6   | Entered Level 6 of the Lair of Beasts
 21020 | Lair:6   | Reached ****** piety under Makhleb
 21728 | Lair:6   | Found a runed door.
 21733 | Lair:6   | Reached XP level 14. HP: 99/99 MP: 20/20
 22109 | Lair:6   | Learned a level 3 spell: Spectral Weapon
 22113 | Lair:6   | Learned a level 3 spell: Regeneration
 22116 | Lair:6   | Learned a level 2 spell: Shroud of Golubria
 22119 | Lair:6   | Learned a level 2 spell: Song of Slaying
 23272 | Orc:1    | Entered Level 1 of the Orcish Mines
 23430 | Orc:1    | Found Ryaklo's Gadget Emporium.
 23468 | Orc:1    | Found a frozen archway.
 23527 | Orc:1    | Noticed Josephine
 23538 | Orc:1    | Noticed a cacodemon
 23785 | D:10     | Killed Urug
 23905 | D:11     | Found Ypuocoq's Assorted Antiques.
 25700 | D:12     | Noticed Erolcha
 25724 | D:12     | Killed Erolcha
 26285 | D:13     | Reached skill level 10 in Evocations
 26527 | D:13     | Found Casius's Magic Scroll Boutique.
 27320 | D:13     | Bought a scroll of blinking for 120 gold pieces
 28273 | D:13     | Reached XP level 15. HP: 103/103 MP: 18/23
 28419 | D:13     | Found a gate to the Vaults.
 28554 | D:14     | Noticed Frances
 28664 | D:14     | You fall through a shaft!
 28664 | D:15     | Entered Level 15 of the Dungeon
 28739 | D:15     | Reached skill level 15 in Maces & Flails
 29526 | D:14     | Noticed FoghornLeghorn's ghost (journeyman MiCK)
 30127 | D:14     | Found Tewnuv's Book Shop.
 30228 | D:15     | Gained mutation: Your spells are a little easier to cast, but a little less powerful. [mutagenic meat]
 30234 | D:15     | Gained mutation: One of your tentacles bears a spike. [mutagenic meat]
 30235 | D:15     | Gained mutation: You are robust. (+10% HP) [mutagenic meat]
 30236 | D:15     | ok
 30236 | D:15     | quit while you are ahead right
 30236 | D:15     | although subdued magic is pretty bad
 30547 | D:14     | ok fine
 30563 | D:15     | Lost mutation: Your spells are a little easier to cast, but a little less powerful. [potion of mutation]
 30563 | D:15     | Lost mutation: One of your tentacles bears a spike. [potion of mutation]
 30563 | D:15     | Lost mutation: You are robust. (+10% HP) [potion of mutation]
 30563 | D:15     | Gained mutation: You are weak. (Str -2) [potion of mutation]
 30563 | D:15     | Gained mutation: Your spells are a little easier to cast, but a little less powerful. [potion of mutation]
 30563 | D:15     | Gained mutation: Your body sometimes deteriorates upon taking damage. [potion of mutation]
 30563 | D:15     | Gained mutation: Your flesh is cold resistant. (rC+) [potion of mutation]
 30564 | D:15     | Lost mutation: You are weak. (Str -2) [potion of mutation]
 30564 | D:15     | Lost mutation: Your spells are a little easier to cast, but a little less powerful. [potion of mutation]
 30564 | D:15     | Gained mutation: You are surrounded by a mild repulsion field. (EV +2) [potion of mutation]
 31271 | D:15     | Gained mutation: You are agile. (Dex +2) [mutagenic meat]
 31272 | D:15     | Gained mutation: You are partially covered in icy blue scales. (AC +2) [mutagenic meat]
 31323 | D:15     | pretty useless
 31764 | D:15     | Found a staircase to the Depths.
 32299 | D:13     | Upgraded the game from 0.21-a0-286-g6fcecc0 to 0.21-a0-331-gfb491b4
 32462 | Orc:1    | Found a radiant altar of Vehumet.
 32722 | Orc:2    | Entered Level 2 of the Orcish Mines
 32902 | Orc:2    | Noticed an orc warlord
 33688 | Orc:2    | Found a roughly hewn altar of Beogh.
 33823 | Orc:2    | Killed an orc warlord
 33859 | Orc:2    | Killed Josephine
 33918 | Orc:2    | Reached XP level 16. HP: 109/109 MP: 24/24
 34017 | Orc:2    | Found Pyehy's General Store.
 34022 | Orc:2    | Found Foakhloag's Book Shoppe.
 34041 | Orc:2    | Found Evifal's Antique Armour Shoppe.
 34099 | Orc:2    | Found a staircase to the Elven Halls.
 34483 | Orc:2    | Found Panworch's Antique Weapon Shoppe.
 34625 | Orc:2    | Bought a book of Spatial Translocations for 845 gold pieces
 34630 | Orc:2    | Learned a level 4 spell: Passage of Golubria
 34862 | Swamp:1  | Entered Level 1 of the Swamp
 34872 | Swamp:1  | Reached skill level 1 in Translocations
 35360 | Swamp:1  | Upgraded the game from 0.21-a0-331-gfb491b4 to 0.21-a0-338-g36cf2fc
 35413 | Swamp:1  | Lost mutation: Your body sometimes deteriorates upon taking damage. [potion of mutation]
 35413 | Swamp:1  | Lost mutation: You are agile. (Dex +2) [potion of mutation]
 35413 | Swamp:1  | Gained mutation: Your spells are a little harder to cast, but a little more powerful. [potion of mutation]
 35413 | Swamp:1  | Gained mutation: You are weak. (Str -2) [potion of mutation]
 35413 | Swamp:1  | Gained mutation: You are agile. (Dex +2) [potion of mutation]
 35580 | Swamp:1  | Reached skill level 5 in Spellcasting
 36344 | Swamp:2  | Noticed a thorn hunter
 36683 | Swamp:3  | whoops didnt mean to cast song
 37144 | Swamp:3  | Noticed a thorn hunter
 37169 | Swamp:3  | Killed a thorn hunter
 37611 | Swamp:3  | that was truly astounding
 37724 | Swamp:3  | Reached skill level 11 in Fighting
 38381 | Swamp:4  | Entered Level 4 of the Swamp
 38437 | Swamp:4  | Reached skill level 5 in Charms
 38455 | Swamp:4  | fuck oiff
 38529 | Swamp:4  | :(
 38760 | Swamp:4  | Noticed a thorn hunter
 38921 | Swamp:4  | Noticed a thorn hunter
 38922 | Swamp:4  | 2 thorn hungers?
 38924 | Swamp:4  | Killed a thorn hunter
 38924 | Swamp:4  | Reached skill level 10 in Invocations
 39129 | Swamp:4  | Reached XP level 17. HP: 114/117 MP: 26/26
 39330 | Swamp:4  | Got a decaying rune of Zot
 39807 | Snake:1  | Entered Level 1 of the Snake Pit
 39915 | Snake:1  | Found a hazy altar of Hepliaklqana.
 40501 | Snake:2  | Found Waix's Magic Scroll Emporium.
 41148 | Snake:2  | ouch
 41153 | Snake:2  | wow
 41848 | Snake:2  | Noticed Vashnia
 41848 | Snake:2  | nope
 41853 | Snake:2  | whoops
 42093 | Snake:3  | Reached skill level 12 in Fighting
 42113 | Snake:3  | these stairs are bad
 44304 | Snake:4  | Entered Level 4 of the Snake Pit
 44767 | Snake:4  | Reached XP level 18. HP: 120/126 MP: 23/27
 44814 | Snake:4  | Reached skill level 1 in Hexes
 44814 | Snake:4  | Reached skill level 1 in Summonings
 44825 | Snake:4  | Reached skill level 1 in Necromancy
 45046 | Snake:4  | Noticed Mara
 45436 | Snake:4  | Noticed mibe's illusion
 45437 | Snake:4  | well
 45437 | Snake:4  | didnt consider that
 46017 | Vaults:1 | Entered Level 1 of the Vaults
 46055 | Vaults:1 | Reached skill level 5 in Translocations
 46786 | Vaults:1 | Found Jasobof's Food Emporium.
 47262 | Vaults:1 | Found a white marble altar of Elyvilon.
 47571 | Vaults:1 | Upgraded the game from 0.21-a0-338-g36cf2fc to 0.21-a0-344-g2144152
 47689 | Vaults:2 | Reached skill level 13 in Fighting
 47820 | Vaults:2 | Reached skill level 15 in Dodging
 48278 | D:11     | Bought a scroll labeled VEICAMUVUE for 27 gold pieces
 48400 | Orc:2    | Bought a manual of Fighting for 1435 gold pieces
 48400 | Orc:2    | Bought a book of Unlife for 845 gold pieces
 48405 | Orc:2    | Learned a level 4 spell: Animate Dead
 49542 | Vaults:2 | Reached XP level 19. HP: 78/134 MP: 26/28
 49544 | Vaults:2 | Noticed Nikola
 49573 | Vaults:2 | omg
 49839 | Vaults:2 | Reached skill level 14 in Fighting
 49932 | Vaults:2 | Identified a scroll of acquirement
 49936 | Vaults:2 | Got a crude glass ring
 49937 | Vaults:2 | Identified the ring of Lunaemuj {rF+ rN+ Stlth+} (You acquired it on level 2 of the Vaults)
 50152 | Vaults:2 | Found Gubu's Antique Weapon Shop.
 50844 | Vaults:3 | Noticed Margery
 50922 | Vaults:3 | Reached skill level 5 in Necromancy
 50995 | Vaults:3 | whoops
 51233 | Vaults:3 | Reached skill level 15 in Fighting
 51271 | Vaults:3 | Killed Margery
 51524 | Vaults:3 | Noticed Aizul
 51655 | Vaults:3 | Found a staircase to the Crypt.
 51875 | Vaults:3 | Found Muni's Distillery.
 52137 | Vaults:3 | Killed Aizul
 52484 | Vaults:3 | Noticed Asterion
 52498 | Vaults:3 | Killed Asterion
 52988 | Vaults:4 | fuck the salt
 53483 | Vaults:4 | Noticed a Hell Sentinel
 53491 | Vaults:3 | Reached skill level 16 in Fighting
 53803 | Vaults:4 | Noticed a Brimstone Fiend
 53803 | Vaults:4 | Cast into level 2 of the Abyss (a deep elf demonologist)
 53836 | Vaults:4 | Escaped the Abyss
 53837 | Vaults:4 | ez life
 53838 | Vaults:4 | Noticed a Brimstone Fiend
 53964 | Vaults:4 | Reached XP level 20. HP: 147/147 MP: 28/32
 54247 | Vaults:4 | Found Nolewomu's Assorted Antiques.
 54413 | Vaults:4 | Found Ynaotom's Gadget Emporium.
 54476 | Vaults:4 | Bought a dented emerald amulet for 195 gold pieces
 54478 | Vaults:4 | nope
 54588 | Vaults:4 | Reached skill level 17 in Fighting
 54630 | Vaults:4 | Found Gucirr's Gadget Boutique.
 54651 | Vaults:4 | Found Qitodiy's Armour Boutique.
 56719 | Orc:2    | Learned a level 2 spell: Blink
 56723 | Orc:2    | Learned a level 3 spell: Lesser Beckoning
 56866 | D:13     | Bought a scroll of fog for 32 gold pieces
 56866 | D:13     | Bought a scroll of fear for 56 gold pieces
 56896 | D:14     | Killed FoghornLeghorn's ghost
 56974 | Depths:1 | Entered Level 1 of the Depths
 57461 | Depths:1 | Reached skill level 18 in Fighting
 57893 | Depths:1 | Found a gateway to Hell.
 58056 | Depths:1 | Reached XP level 21. HP: 159/159 MP: 14/33
 58380 | Depths:2 | Noticed a juggernaut
 58783 | Depths:2 | Killed a juggernaut
 59917 | Depths:3 | Learned a level 5 spell: Summon Forest
 60094 | Depths:3 | Noticed Hiru's ghost (veteran FoAM)
 60222 | Depths:3 | Found a one-way gate to the infinite horrors of the Abyss.
 60861 | Depths:3 | Found a one-way gate leading to the halls of Pandemonium.
 60963 | Depths:3 | Noticed a golden dragon
 60978 | Depths:3 | Killed a golden dragon
 60978 | Depths:3 | Reached skill level 15 in Invocations
 61228 | Depths:3 | Noticed a golden dragon
 61237 | Depths:3 | Killed a golden dragon
 61237 | Depths:3 | Reached skill level 5 in Summonings
 61242 | Depths:3 | this fukin vault
 61260 | Depths:3 | Cast into level 3 of the Abyss (a lich)
 61276 | Abyss:3  | Found a corrupted altar of Lugonu.
 61400 | Abyss:3  | Noticed a bone dragon
 61415 | Abyss:3  | Noticed a bone dragon
 61590 | Abyss:3  | Reached XP level 22. HP: 131/165 MP: 0/34
 61646 | Abyss:3  | Paralysed by accursed screaming for 2 turns
 61684 | Depths:3 | Escaped the Abyss
 62157 | Depths:3 | Found a gateway to a ziggurat.
 64128 | Depths:4 | cmon
 64132 | Depths:4 | lame
 65248 | Depths:5 | Entered Level 5 of the Depths
 66068 | Vaults:4 | Bought a metal-bound book for 585 gold pieces
 66068 | Vaults:4 | Bought a potion of curing for 117 gold pieces
 66068 | Vaults:4 | Bought a sharpened gold wand for 156 gold pieces
 66068 | Vaults:4 | Bought a scroll of identify for 78 gold pieces
 66074 | Vaults:4 | Learned a level 5 spell: Summon Mana Viper
 66383 | Elf:1    | Entered Level 1 of the Elven Halls
 66759 | Elf:1    | Found Dinap's Food Shoppe.
 66768 | Elf:1    | Bought a bread ration for 50 gold pieces
 66768 | Elf:1    | Bought a bread ration for 50 gold pieces
 66768 | Elf:1    | Bought a bread ration for 50 gold pieces
 67022 | Elf:1    | Found Cyuka's Armour Shoppe.
 67092 | Elf:1    | Found Wutisch's Assorted Antiques.
 67189 | Elf:1    | Reached XP level 23. HP: 171/171 MP: 29/36
 67334 | Elf:1    | Found a deep blue altar of Sif Muna.
 67551 | Elf:1    | Found Agecit's Antique Weapon Shoppe.
 67975 | Elf:2    | Reached skill level 10 in Spellcasting
 68008 | Elf:2    | Reached skill level 5 in Hexes
 68329 | Elf:2    | Found a runed door.
 68698 | Elf:2    | Found a runed door.
 68762 | Elf:3    | Entered Level 3 of the Elven Halls
 68763 | Elf:3    | Upgraded the game from 0.21-a0-344-g2144152 to 0.21-a0-346-g330ab2c
 69885 | Elf:3    | Reached skill level 10 in Summonings
 71695 | Elf:3    | Reached XP level 24. HP: 123/177 MP: 33/38
 71768 | Elf:3    | Cast into level 2 of the Abyss (a deep elf sorcerer)
 72448 | Elf:3    | Escaped the Abyss
 72638 | Elf:3    | whoop
 72684 | Elf:2    | dont fuck around with those mofos
 73074 | Elf:3    | Got a smoking jade ring
 73075 | Elf:3    | Identified the ring of Nuazioci {rF+ MR+ Slay+1} (You took it off a deep elf annihilator on level 3 of the Elven Halls)
 73084 | Elf:3    | Got a wavering iron ring
 73089 | Elf:3    | Identified the ring "Yciofe" {MR+ MP-9 Str+4 Dex+4 Stlth+} (You took it off a deep elf archer on level 3 of the Elven Halls)
 73147 | Elf:3    | Found the +10 Black Knight's horse barding {ponderous, rPois rN+}
 73152 | Elf:3    | Identified the Disquisition on Sinister Battle Magic
 73173 | Elf:3    | Identified Sif Muna's Reference Book on the Unstable Blaze
 73179 | Elf:3    | Learned a level 2 spell: Passwall
 73184 | Elf:3    | Identified The Foundations of Sorcery
 74044 | Orc:2    | Bought a scroll of brand weapon for 280 gold pieces
 74045 | Orc:2    | Bought a scroll of enchant weapon for 105 gold pieces
 74361 | Vaults:4 | Bought a runed shield for 292 gold pieces
 75196 | Snake:4  | Noticed Louise
 75198 | Snake:4  | ewww
 75205 | Snake:4  | Killed Louise
 75270 | Snake:4  | Got a serpentine rune of Zot
 75370 | Snake:2  | oh yeah
 75699 | Crypt:1  | Entered Level 1 of the Crypt
 75848 | Crypt:1  | Reached skill level 15 in Evocations
 77388 | Crypt:2  | Noticed Boris
 77676 | Crypt:2  | wow
 77937 | Crypt:2  | Noticed Frederick
 78401 | Crypt:2  | Killed Frederick
 79326 | Crypt:3  | Entered Level 3 of the Crypt
 79741 | Crypt:3  | Reached XP level 25. HP: 185/185 MP: 29/38
 79765 | Crypt:3  | Reached skill level 19 in Fighting
 79770 | Crypt:3  | Reached skill level 1 in Transmutations
 79770 | Crypt:3  | Reached skill level 1 in Earth Magic
 80001 | Crypt:2  | Killed Boris
 80352 | Crypt:3  | Identified the ring "Gyilad" {rF- rN+ MR+ Int+4 Stlth+} (You took it off a vampire on level 3 of the Crypt)
 80384 | Crypt:3  | Noticed an ancient lich
 80386 | Crypt:3  | nope
 80522 | Crypt:3  | Found a staircase to the Tomb.
 80667 | Crypt:3  | Killed an ancient lich
 80667 | Crypt:3  | Reached skill level 10 in Shields
 80678 | Crypt:3  | Found an ancient bone altar of Kikubaaqudgha.
 80681 | Crypt:3  | Found a basalt altar of Yredelemnul.
 80754 | Crypt:3  | Identified the ring of Equilibrium {*Drain rF+ rC+ rN+ Int+4} (You took it off a vampire knight on level 3 of the Crypt)
 81048 | D:11     | Bought a scroll of immolation for 94 gold pieces
 81048 | D:11     | Bought a scroll of recharging for 256 gold pieces
 81048 | D:11     | Bought a potion of brilliance for 108 gold pieces
 81119 | Orc:1    | Bought a wand of clouds (4/9) for 360 gold pieces
 81211 | Elf:1    | Bought a scroll of enchant weapon for 292 gold pieces
 81503 | Snake:2  | Bought a scroll of fog for 34 gold pieces
 81804 | D:4      | Bought a sack of spiders for 200 gold pieces
 82161 | Vaults:5 | Entered Level 5 of the Vaults
 82296 | Vaults:5 | Identified Ycuib's Disquisition on Attacks
 82403 | Vaults:5 | Got a faintly glowing iron ring
 82452 | Vaults:5 | Got a silver rune of Zot
 82497 | Vaults:5 | Noticed an ancient lich
 82515 | Vaults:5 | Killed an ancient lich
 82846 | Vaults:5 | Reached XP level 26. HP: 193/193 MP: 25/38
 83120 | Vaults:5 | Identified the ring "Nuzxeag" {rN+ MR+ MP+9 Str+3 Dex+2} (You took it off a vault guard on level 5 of the Vaults)
 83356 | Vaults:5 | Noticed Saint Roka
 83374 | Vaults:5 | Killed Saint Roka
 83374 | Vaults:5 | Reached skill level 15 in Shields
 83553 | Vaults:5 | Found Lyvoywan's Assorted Antiques.
 83883 | Vaults:5 | Bought a transparent eveningstar for 620 gold pieces
 83883 | Vaults:5 | Identified the +4 eveningstar "Ellig" {pain, +Rage +Fly} (You bought it in a shop on level 5 of the Vaults)
 83968 | Vaults:3 | Bought a potion of mutation for 168 gold pieces
 83968 | Vaults:3 | oh yeah
 84700 | Lair:6   | Reached skill level 20 in Fighting
 85877 | Orc:2    | Bought 2 potions of agility for 112 gold pieces
 86084 | D:4      | Bought a box of beasts for 200 gold pieces
 86528 | Depths:5 | Identified the ring of Dudit {Fire rN+ Dex+4} (You found it on level 5 of the Depths)
 86677 | Depths:5 | Noticed a juggernaut
 86689 | Depths:5 | Killed a juggernaut
 86769 | Depths:5 | Reached skill level 21 in Fighting
 87465 | Depths:5 | Noticed the Enchantress
 87814 | Depths:5 | Found a gate to the Realm of Zot.
 88078 | Depths:5 | Killed the Enchantress
 88086 | Depths:5 | Reached XP level 27. HP: 207/207 MP: 38/38
 88092 | Depths:5 | Identified the +1 faerie dragon scales {rF++ rCorr} (You took it off the Enchantress on level 5 of the Depths)
 88258 | Zot:1    | Entered Level 1 of the Realm of Zot
 88310 | Zot:1    | Reached skill level 22 in Fighting
 89034 | Zot:1    | Identified the ring "Jesm" {+Inv Str+2} (You found it on level 1 of the Realm of Zot)
 89107 | Zot:4    | nope
 89314 | Zot:3    | Upgraded the game from 0.21-a0-346-g330ab2c to 0.21-a0-348-ga060c75
 89528 | Zot:3    | Reached skill level 23 in Fighting
 89658 | Zot:4    | Found the +10 morningstar "Eos" {elec, Halo rElec}
 89733 | Zot:4    | Noticed an orb of fire
 89758 | Zot:4    | Killed an orb of fire
 89766 | Zot:4    | Identified Agreu's Catalogue of Cloudy Conjuration
 90072 | Zot:5    | Entered Level 5 of the Realm of Zot
 90203 | Zot:5    | Reached skill level 24 in Fighting
 90255 | Zot:5    | Noticed an ancient lich
 90265 | Zot:5    | Killed an ancient lich
 91234 | Zot:5    | Reached skill level 25 in Fighting
 91292 | Zot:5    | Noticed an ancient lich
 91304 | Zot:5    | Killed an ancient lich
 91583 | Zot:4    | Noticed Tiamat
 91583 | Zot:4    | hello
 91583 | Zot:4    | goodbye
 91625 | Zot:5    | Noticed an ancient lich
 91635 | Zot:5    | Killed an ancient lich
 91751 | Zot:5    | Noticed an orb of fire
 91763 | Zot:5    | Killed an orb of fire
 92503 | Zot:5    | Reached skill level 26 in Fighting
 92621 | Zot:5    | Noticed an orb of fire
 93128 | Zot:5    | nobody saw that
 93504 | Zot:5    | Noticed an orb of fire
 93505 | Zot:5    | Gained mutation: You expend magic power (3 MP) to strengthen your wands. [an orb of fire]
 93517 | Zot:5    | Killed an orb of fire
 93536 | Zot:5    | Gained mutation: You are dopey. (Int -2) [an orb of fire]
 93538 | Zot:5    | Killed an orb of fire
 93684 | Zot:5    | Reached skill level 27 in Fighting
 93742 | Zot:5    | Got the Orb of Zot
 94302 | D:$      | Escaped with the Orb!

Vault maps used:
D:1:      dpeg_arrival_castle
D:2:      minmay_misc_feat_room, patterned_corridor, uniq_crazy_yiuf_cottage,
          uniq_jessica
D:3:      bloody_makhleb, nemelex_spade_bored_becter
D:4:      nicolae_overflow_hidden_temple, nicolae_ashenzari_panopticon,
          minmay_temple_entry_large_hall, serial_shops, shop, first_bread,
          uniq_eustachio
D:5:      lemuel_coloured_pillars_altar, minmay_misc_feat_tiny, tgw_xom,
          uniq_edmund, uniq_ijyb
D:6:      corexii_shantytown, uniq_blork_the_orc
D:7:      nicolae_overflow_crystal_walls, overflow_temple_1_default,
          uniq_menkaure, uniq_joseph
D:8:      nicolae_ru_the_path_less_chosen, grunt_livestock,
          minmay_item_behind_shaft
D:9:      zin_statuary
D:10:     lair_entry_dummy, minmay_orc_entry_guard_dogs,
          minmay_guarded_unrand_staff_of_olgreb, uniq_maurice, uniq_urug,
          uniq_sonja
D:11:     serial_shops, nicolae_shop_waterfront, grunt_potential
D:12:     minmay_holes, uniq_erolcha
D:13:     grunt_vaults_entry_tiered, serial_shops, nicolae_shop_crystal,
          grunt_ministairs_8, ice2_lemuel
D:14:     serial_shops, kennysheep_little_box, minmay_misc_feat_secret_circle,
          lemuel_nasty_fountain, uniq_frances
D:15:     hangedman_depths_entry_civil_slaughter, nrook_uturn
Lair:1:   infiniplex_staircase_pool, uniq_fannar, uniq_erica
Lair:3:   dummy_snake_entry, serial_bayou_shore_a
Lair:4:   nicolae_swamp_entry_splash_gauntlet, st_stairs_11,
          minmay_another_anthill
Lair:5:   nicolae_slime_entry_slimehenge, grunt_forest_stairs_clearing
Lair:6:   wormcave, hangedman_lair_in_review, hibernation_bobbens,
          serial_bayou_shore_b
Swamp:1:  evilmike_swamp_ruin_house_1
Swamp:2:  nicolae_swamp_phyte_club, evilmike_swamp_ruin_house_5
Swamp:3:  evilmike_swamp_ruin_house_6
Swamp:4:  swamp
Snake:1:  basic_altar
Snake:2:  serial_shops, shop, uniq_vashnia
Snake:4:  minmay_snake_end_coiled, uniq_louise, uniq_mara
Orc:1:    portal_ice_cave_entry_pillars_2, serial_shops, shop, basic_altar,
          uniq_josephine
Orc:2:    grunt_orc_cross, guppyfry_library_mini
Elf:1:    serial_shops, nicolae_shop_behind_doors, shop, shop,
          nicolae_shop_waterfront, basic_altar,
          hangedman_elven_crosses_minicolossus
Elf:2:    orc_legates
Elf:3:    minmay_elf_hall_x
Vaults:1: ontoclasm_vaults_shout, hangedman_vaults_pinch,
          ontoclasm_vaults_misaligned, vaults_room_corners, v_misc_24,
          ontoclasm_vaults_ring_small, ontoclasm_vaults_twist,
          vaults_room_grunt_arrival_ludios, basic_altar, serial_shops,
          nicolae_shop_waterfront
Vaults:2: dpeg_vaults_monster_box, st_diamondy, nicolae_vaults_network_barrier,
          nicolae_vaults_little_squares_4, hangedman_vaults_unwind,
          nicolae_vaults_little_squares_2, v_alt_pattern_1, v_rooms_1,
          nicolae_vaults_little_squares_2, v_misc_5,
          nicolae_vaults_little_squares_2, hangedman_vaults_corner_blocks,
          vaults_mumra_hex, serial_shops, shop_statue, uniq_nikola
Vaults:3: nicolae_vaults_gold_heap, hangedman_vaults_nodes, v_misc_29,
          minmay_crypt_entry_simple_sparse, v_misc_33,
          ontoclasm_vaults_claustrophobia, hangedman_vaults_snaps, v_misc_11,
          ontoclasm_vaults_ring_small, vaults_standard_mumra_lines,
          ontoclasm_vaults_ligature, vaults_dpeg_spiral,
          hangedman_vaults_corner_blocks, nicolae_vaults_asterisk,
          ontoclasm_vaults_gallery, vaults_dpeg_diagonal, vaults_room_pools,
          serial_glass, serial_shops, nicolae_shop_trees, uniq_aizul,
          uniq_asterion, uniq_margery
Vaults:4: nicolae_vaults_network_star, v_pattern_5, serial_ice_m,
          nicolae_vaults_little_squares_4, ontoclasm_vaults_hangar, v_misc_26,
          v_misc_10, serial_shops, shop, nicolae_shop_waterfront, shop, shop,
          portal_desolation_entry_twin_temple
Vaults:5: serial_shops, uniq_saint_roka
Crypt:1:  minivault_23, grunt_megastairs_4, grunt_crypt_arrival_guarded_gate
Crypt:2:  basic_stair_grate_trap, grunt_megastairs_1, uniq_frederick, uniq_boris
Crypt:3:  lightli_unholy_cathedral, serial_sigils_hangedman_gut
Depths:1: grunt_hell_horde, serial_bayou_pond_b, lemuel_flames_and_gold,
          serial_bayou_shore_b
Depths:2: minmay_diamond_stairs, minmay_misc_feat_nine_boxes,
          grunt_hell_entry_dis_grunt
Depths:3: minmay_outward_triangles, enter_ziggurat_b, hell_entry,
          hangedman_abyss_entry_splay, corexii_leaking_fountain,
          rand_demon_pan_entry_5, grunt_megastairs_3
Depths:4: kennysheep_windowed_halls, rand_demon_pan_entry_3, hell_entry,
          nicolae_abyss_entry_one_way_or_another
Depths:5: evilmike_zot_entry_basic, pf_hell_entry_tar_river,
          minmay_misc_feat_plants, uniq_enchantress
Zot:4:    st_large_dragon_hoard_1, grunt_megastairs_2, uniq_tiamat
Zot:5:    hangedman_zot_decor_scrapings, lemuel_baited_zot_trap,
          hangedman_zot_diagonal_lockstep
Abyss:3:  dshaligram_kb_abyss_rune_zappy_water_cross

Skill      XL: |  1  2  3  4  5  6  7  8  9 10 11 12 13 14 15 16 17 18 19 20 21 22 23 24 25 26 27 |
---------------+----------------------------------------------------------------------------------+-----
Maces & Flails | 3 4 5 6 7 9 10 12 14 17 18 20 | 20.0
Stealth        | 2 4 5 6 7 8 |  8.0
Invocations    | 1 3 5 7 9 10 12 13 15 16 | 16.0
Evocations     | 1 3 6 9 10 11 12 13 14 15 | 15.0
Shields        | 5 7 14 15 | 15.1
Fighting       | 6 7 10 11 12 13 16 18 19 21 27 | 27.0
Dodging        | 6 7 8 9 10 12 13 14 15 16 17 18 | 18.5
Charms         | 3 4 5 |  5.0
Ice Magic      | 3 |  3.0
Spellcasting   | 2 3 6 8 9 11 | 11.0
Translocations | 4 5 6 9 |  9.0
Hexes          | 1 3 6 8 |  8.0
Summonings     | 1 6 9 10 | 10.0
Necromancy     | 2 5 7 |  7.0
Transmutations | 3 |  3.0
Earth Magic    | 3 |  3.1

Action                   |  1- 3 |  4- 6 |  7- 9 | 10-12 | 13-15 | 16-18 | 19-21 | 22-24 | 25-27 || total
-------------------------+-------+-------+-------+-------+-------+-------+-------+-------+-------++-------
Melee: Flail             |    55 |    86 |   278 |       |       |       |       |       |       ||   419
       Tentacles         |     9 |    11 |    57 |   130 |   208 |   268 |   347 |   480 |   567 ||  2077
       Constrict         |    15 |    23 |    69 |    58 |   150 |   155 |   140 |   265 |   218 ||  1093
       Unarmed           |       |       |     2 |       |       |       |       |       |       ||     2
       Dire flail        |       |       |    10 |   499 |   672 |       |       |       |       ||  1181
       Staff             |       |       |       |       |     6 |       |       |       |       ||     6
       Great mace        |       |       |       |       |   306 |  1028 |  1217 |  1287 |       ||  3838
       Eveningstar       |       |       |       |       |       |       |       |   454 |  1563 ||  2017
       Morningstar       |       |       |       |       |       |       |       |       |   124 ||   124
 Fire: Blowgun           |       |       |       |       |       |       |     2 |       |       ||     2
Throw: Stone             |       |       |     5 |       |     2 |       |       |       |       ||     7
       Throwing net      |       |       |       |       |     1 |       |       |       |       ||     1
 Cast: Animate Skeleton  |       |       |       |    34 |   104 |   151 |    26 |     3 |     1 ||   319
       Ozocubu's Armour  |       |       |       |    12 |    39 |    91 |    88 |    89 |    70 ||   389
       Summon Small Mamm |       |       |       |       |     5 |       |       |       |       ||     5
       Spectral Weapon   |       |       |       |       |    41 |    82 |    85 |    60 |    88 ||   356
       Regeneration      |       |       |       |       |     6 |    72 |    70 |    76 |    54 ||   278
       Shroud of Golubri |       |       |       |       |     6 |    25 |    48 |    41 |    23 ||   143
       Passage of Golubr |       |       |       |       |       |    60 |    64 |    59 |    22 ||   205
       Song of Slaying   |       |       |       |       |       |     1 |       |       |       ||     1
       Animate Dead      |       |       |       |       |       |     2 |    57 |    57 |    38 ||   154
       Apportation       |       |       |       |       |       |       |     9 |     7 |     4 ||    20
       Blink             |       |       |       |       |       |       |     1 |     1 |     1 ||     3
       Lesser Beckoning  |       |       |       |       |       |       |     2 |    75 |    71 ||   148
       Summon Forest     |       |       |       |       |       |       |     1 |       |       ||     1
       Summon Mana Viper |       |       |       |       |       |       |       |     1 |    13 ||    14
       Passwall          |       |       |       |       |       |       |       |       |     2 ||     2
Invok: Minor Destruction |       |       |   100 |   251 |   608 |   570 |   251 |   182 |   127 ||  2089
       Lesser Servant of |       |       |       |     7 |    26 |    13 |     3 |       |       ||    49
       Greater Servant o |       |       |       |       |     1 |     7 |     8 |     4 |     7 ||    27
       Major Destruction |       |       |       |       |       |     4 |     8 |     3 |     2 ||    17
 Abil: Evoke Invisibilit |       |       |       |       |       |       |       |       |     9 ||     9
Evoke: Wand              |       |       |     8 |    13 |    60 |    50 |     8 |    14 |    19 ||   172
       Staff of Olgreb   |       |       |       |       |    33 |       |    10 |       |       ||    43
       Box of beasts     |       |       |       |       |       |     1 |       |       |       ||     1
       Sack of spiders   |       |       |       |       |       |       |       |       |     1 ||     1
  Use: Scroll            |       |       |    10 |     4 |    22 |    18 |     6 |    26 |    24 ||   110
       Potion            |       |       |     1 |     1 |     8 |     6 |     3 |     7 |    16 ||    42
 Stab: Sleeping          |     3 |     8 |    14 |     6 |     6 |     7 |    12 |    37 |    12 ||   105
       Distracted        |       |       |     1 |     1 |    10 |    21 |    26 |    14 |    36 ||   109
       Confused          |       |       |       |     1 |    14 |     3 |       |       |       ||    18
       Betrayed ally     |       |       |       |       |     1 |       |       |       |       ||     1
       Paralysed         |       |       |       |       |       |     6 |       |       |       ||     6
       Petrified         |       |       |       |       |       |       |       |       |     1 ||     1
       Invisible         |       |       |       |       |       |       |       |       |    38 ||    38
  Eat: Chunk             |       |     7 |    12 |    23 |    32 |    20 |    25 |     5 |     4 ||   128
       Fruit             |       |       |     2 |       |     2 |     1 |     5 |     5 |     9 ||    24
       Meat ration       |       |       |     2 |     1 |     5 |     5 |     2 |     9 |     3 ||    27
       Royal jelly       |       |       |       |       |     5 |    10 |     2 |     4 |     5 ||    26
       Bread ration      |       |       |       |       |       |     3 |     6 |     5 |     6 ||    20
Armor: Skin              |     6 |     7 |     5 |    71 |   104 |   137 |   206 |   273 |   189 ||   998
Dodge: Dodged            |    15 |    36 |   134 |   311 |   682 |  1045 |  1029 |  1396 |   891 ||  5539
Block: Shield            |    22 |    26 |   103 |       |       |       |       |   221 |  1114 ||  1486
       Reflection        |       |       |       |       |       |       |       |       |    28 ||    28

Table legend:
 A = Spawn XP
 B = Non-spawn XP
 C = Spawn XP percentage of total XP
 D = Spawn monster count
 E = Non-spawn monster count
 F = Spawn count percentage of total count
 G = Total turns spent on level
                    A         B        C        D         E        F      G
               +---------+---------+-------+---------+---------+-------+---------
         Total |   10988 | 1599400 |   0.7 |      22 |    2648 |   0.8 | 94302
               +---------+---------+-------+---------+---------+-------+---------
           D:1 |       0 |      29 |   0.0 |       0 |      17 |   0.0 |   615
           D:2 |       0 |      91 |   0.0 |       0 |      16 |   0.0 |   984
           D:3 |       0 |      36 |   0.0 |       0 |      14 |   0.0 |   836
           D:4 |       0 |    1345 |   0.0 |       0 |      27 |   0.0 |  2253
           D:5 |       0 |     749 |   0.0 |       0 |      20 |   0.0 |  2177
           D:6 |       0 |     527 |   0.0 |       0 |      58 |   0.0 |  2095
           D:7 |       0 |    1384 |   0.0 |       0 |      25 |   0.0 |  1267
           D:8 |       0 |    4264 |   0.0 |       0 |      30 |   0.0 |  2010
           D:9 |       0 |     973 |   0.0 |       0 |      15 |   0.0 |  1399
          D:10 |       0 |    7739 |   0.0 |       0 |      64 |   0.0 |  2589
          D:11 |       0 |    5311 |   0.0 |       0 |      47 |   0.0 |  1897
          D:12 |       0 |    6301 |   0.0 |       0 |      46 |   0.0 |  1813
          D:13 |       0 |   15356 |   0.0 |       0 |      63 |   0.0 |  3718
          D:14 |       0 |    9277 |   0.0 |       0 |      28 |   0.0 |  1743
          D:15 |       0 |   19090 |   0.0 |       0 |      62 |   0.0 |  1990
        Lair:1 |       0 |     851 |   0.0 |       0 |       4 |   0.0 |  1073
        Lair:2 |       0 |    3414 |   0.0 |       0 |      17 |   0.0 |  1403
        Lair:3 |       0 |    5078 |   0.0 |       0 |      28 |   0.0 |  1706
        Lair:4 |       0 |   14884 |   0.0 |       0 |      74 |   0.0 |  2158
        Lair:5 |       0 |    9855 |   0.0 |       0 |      52 |   0.0 |  1209
        Lair:6 |       0 |   28262 |   0.0 |       0 |      87 |   0.0 |  2608
       Swamp:1 |       0 |    9997 |   0.0 |       0 |      30 |   0.0 |  1061
       Swamp:2 |       0 |   17683 |   0.0 |       0 |      35 |   0.0 |  1110
       Swamp:3 |       0 |   17423 |   0.0 |       0 |      60 |   0.0 |  2208
       Swamp:4 |       0 |   21950 |   0.0 |       0 |      51 |   0.0 |   741
       Snake:1 |       0 |   11322 |   0.0 |       0 |      22 |   0.0 |  1081
       Snake:2 |       0 |   15181 |   0.0 |       0 |      34 |   0.0 |  1801
       Snake:3 |       0 |   21890 |   0.0 |       0 |      47 |   0.0 |  2243
       Snake:4 |       0 |   27778 |   0.0 |       0 |      61 |   0.0 |  1295
         Orc:1 |       0 |    3646 |   0.0 |       0 |      29 |   0.0 |   687
         Orc:2 |       0 |   14171 |   0.0 |       0 |      82 |   0.0 |  2556
         Elf:1 |       0 |   37627 |   0.0 |       0 |      60 |   0.0 |  1516
         Elf:2 |       0 |   76294 |   0.0 |       0 |     114 |   0.0 |  3158
         Elf:3 |       0 |   67413 |   0.0 |       0 |      69 |   0.0 |  2455
      Vaults:1 |       0 |   30352 |   0.0 |       0 |      57 |   0.0 |  1712
      Vaults:2 |       0 |   55147 |   0.0 |       0 |      98 |   0.0 |  2448
      Vaults:3 |       0 |   59944 |   0.0 |       0 |      83 |   0.0 |  3706
      Vaults:4 |       0 |   59100 |   0.0 |       0 |      74 |   0.0 |  3041
      Vaults:5 |       0 |  143929 |   0.0 |       0 |     141 |   0.0 |  1754
       Crypt:1 |       0 |   27452 |   0.0 |       0 |      56 |   0.0 |  1538
       Crypt:2 |       0 |   43114 |   0.0 |       0 |      45 |   0.0 |  2475
       Crypt:3 |       0 |   52738 |   0.0 |       0 |      65 |   0.0 |  1176
      Depths:1 |       0 |   38143 |   0.0 |       0 |      58 |   0.0 |  1409
      Depths:2 |       0 |   47116 |   0.0 |       0 |      62 |   0.0 |  3530
      Depths:3 |       0 |   80564 |   0.0 |       0 |      84 |   0.0 |  2219
      Depths:4 |       0 |   49007 |   0.0 |       0 |      56 |   0.0 |  1241
      Depths:5 |       0 |   83334 |   0.0 |       0 |      82 |   0.0 |  2461
         Zot:1 |       0 |   15897 |   0.0 |       0 |      14 |   0.0 |   166
         Zot:2 |       0 |    1164 |   0.0 |       0 |       1 |   0.0 |    60
         Zot:3 |       0 |   25593 |   0.0 |       0 |      15 |   0.0 |   460
         Zot:4 |       0 |   51500 |   0.0 |       0 |      31 |   0.0 |   684
         Zot:5 |       0 |  238015 |   0.0 |       0 |     103 |   0.0 |  3630
       Abyss:2 |    7321 |    8835 |  45.3 |      16 |      14 |  53.3 |   713
       Abyss:3 |    3667 |   11265 |  24.6 |       6 |      21 |  22.2 |   424
               +---------+---------+-------+---------+---------+-------+---------
